 Dungeon Crawl Stone Soup version 0.22.1-2-g9c5b331383 (webtiles) character file.

289 H0rd4k the Charlatan (level 6, -3/44 HPs)
             Began as a Human Artificer on Dec 19, 2018.
             Killed themself with a badly aimed fireball (13 damage)
             ... in a sewer.
             The game lasted 00:07:34 (4584 turns).

H0rd4k the Charlatan (Human Artificer)              Turns: 4584, Time: 00:07:34

Health: -3/44      AC:  3    Str: 13    XL:     6   Next: 58%
Magic:  8/8        EV: 13    Int: 12    God:
Gold:   98         SH:  0    Dex: 14    Spells: 5/5 levels left

rFire    . . .     SeeInvis .   a - +0 short sword
rCold    . . .     Gourm    .   (no shield)
rNeg     . . .     Faith    .   b - +0 leather armour
rPois    .         Spirit   .   (no helmet)
rElec    .         Reflect  .   (no cloak)
rCorr    .         Harm     .   (no gloves)
MR       .....                  (no boots)
Stlth    ++........             (no amulet)
HPRegen  0.14/turn              (no ring)
MPRegen  0.11/turn              (no ring)

@: no status effects
A: no striking features
a: no special abilities


You were in a sewer.
You were not hungry.

You visited 1 branch of the dungeon, and saw 4 of its levels.
You also visited: Sewer.

You collected 98 gold pieces.

Inventory:

Hand Weapons
 a - a +0 short sword (weapon)
 q - a +0 shortbow
 r - a +0 long sword
Missiles
 h - 37 arrows
Armour
 b - a +0 leather armour (worn)
 n - a +0 pair of gloves
Jewellery
 k - a +3 ring of strength {unknown}
 p - an uncursed amulet of harm {unknown}
Wands
 d - a wand of enslavement (15)
 e - a wand of random effects (10)
Scrolls
 g - a scroll of immolation {unknown}
 i - a scroll of teleportation {unknown}
 l - a scroll of fog {unknown}
 m - 2 scrolls of magic mapping {unknown}
 s - a scroll of remove curse {unknown}
Potions
 j - 2 potions of resistance {unknown}
 o - a potion of lignification {unknown}
Comestibles
 f - 3 rations
 t - a chunk of flesh


   Skills:
 + Level 1.7 Fighting
 + Level 3.6 Short Blades
 + Level 2.1 Armour
 + Level 3.2 Dodging
 + Level 1.8 Stealth
 + Level 3.8 Evocations


You had 5 spell levels left.
You didn't know any spells.
Your spell library was empty.

Dungeon Overview and Level Annotations

Branches:
Dungeon (4/15)
 Temple: D:4-7

Altars:


Message History

Evoke which item? (* to show all) (? for menu, Esc to quit)
Aiming: Random Effects
Press: ? - help, Shift-Dir - straight line, f/p - bullfrog
Aim: a bullfrog (lightly wounded, misshapen and mutated)
The bullfrog resists with significant effort.
The bullfrog hits you. The bullfrog closely misses you.
Evoke which item? (* to show all) (? for menu, Esc to quit)
Aiming: Random Effects
Press: ? - help, Shift-Dir - straight line, f/p - bullfrog
Aim: a bullfrog (lightly wounded, misshapen and mutated)
The bullfrog flickers and vanishes!
Deactivating autopickup; reactivate with Ctrl-A.
Something hits you.
* * * LOW HITPOINT WARNING * * *
Evoke which item? (* to show all) (? for menu, Esc to quit)
Aiming: Random Effects
Press: ? - help, Shift-Dir - straight line The fireball explodes!
The fireball engulfs something.
The fireball engulfs you!
You die...

#≈≈≈##≈..≈≈≈≈##≈≈##
##≈≈##≈≈.≈≈≈.≈≈##≈.##
#..≈#≈.≈≈≈≈≈.≈.≈≈≈≈≈#
#≈÷##≈..#######..≈..#
#≈.#≈≈≈##≈≈≈≈≈###≈#######
.≈≈#≈≈##≈..≈≈≈≈≈###≈≈≈.≈#
≈≈##≈≈#≈≈≈.≈≈.≈§§.#≈≈.≈≈#
≈≈#≈.##≈...≈.≈##{.#≈.≈.≈#
≈.#≈.# ≈..$%≈≈ #@.#≈≈#≈≈#
≈≈#≈≈# ≈.?ll.≈ #≈≈#≈≈#≈.#
≈≈#≈≈# ≈≈%.≈≈≈ #≈≈##≈#≈.#
≈÷#≈≈# ≈≈..l≈≈ #≈≈≈#≈#.≈#
†÷#≈≈# ≈≈≈≈≈≈≈ #≈≈∩#≈#≈≈#
≈≈#≈≈##≈≈≈≈≈≈F##≈≈≈#≈#.≈#
≈≈##≈.# #≈≈###.#≈≈#
≈≈≈#≈.## ##≈≈#≈.≈#≈.#
#≈.#≈.†## ##≈≈≈#≈≈##†##


There were no monsters in sight!

Vanquished Creatures
  A worker ant (D:2)
  A gnoll (D:1)
  8 adders
  14 oozes (Sewer)
  A dart slug (D:1)
  14 leopard geckos
  6 bats
  10 giant cockroaches
  5 hobgoblins
  7 kobolds
  A quokka (D:3)
  10 ball pythons
  16 frilled lizards
  13 goblins
  9 rats
116 creatures vanquished.

Notes
Turn   | Place    | Note
-------+----------+-------------------------------------------
     0 | D:1      | H0rd4k the Human Artificer began the quest for the Orb.
     0 | D:1      | Reached XP level 1. HP: 15/15 MP: 3/3
   111 | D:1      | Reached XP level 2. HP: 13/21 MP: 4/4
   512 | D:1      | Reached XP level 3. HP: 26/26 MP: 5/5
  1297 | D:2      | Reached skill level 1 in Armour
  1297 | D:2      | Reached XP level 4. HP: 32/32 MP: 6/6
  1649 | D:2      | Reached XP level 5. HP: 37/37 MP: 7/7
  2511 | D:4      | Found a glowing drain.
  2674 | Sewer    | Entered a sewer
  2698 | Sewer    | HP: 1/37 [ooze (3)]
  3427 | Sewer    | Reached XP level 6. HP: 18/43 MP: 8/8
  4584 | Sewer    | Killed themself with a badly aimed fireball

Skill      XL: |  1  2  3  4  5  6 |
---------------+-------------------+-----
Armour         | 1 2 |  2.1
Short Blades   | 2 3 |  3.6
Dodging        | 3 |  3.2
Fighting       | |  1.7
Stealth        | |  1.8
Evocations     | |  3.8

Action                   |  1- 3 |  4- 6 || total
-------------------------+-------+-------++-------
Melee: Short sword       |   113 |   329 ||   442
Evoke: Wand              |     3 |    17 ||    20
 Stab: Sleeping          |       |     3 ||     3
       Distracted        |       |     1 ||     1
  Eat: Chunk             |     1 |    11 ||    12
Armor: Leather armour    |    23 |    60 ||    83
Dodge: Dodged            |    83 |   209 ||   292
